 Dungeon Crawl Stone Soup version 0.25.0-26-g0c896c7088 (webtiles) character file.

Game seed: 12382479084456810170

1563 MisterFreud the Magician (level 8, -1/58 HPs)
             Began as a Demonspawn Ice Elementalist on July 5, 2020.
             Was an Initiate of Gozag.
             Slain by a manticore (7 damage)
             ... on level 6 of the Dungeon.
             The game lasted 00:16:00 (9003 turns).

MisterFreud the Magician (DsIE)                     Turns: 9003, Time: 00:16:02

Health: -1/58      AC:  6    Str:  8    XL:     8   Next: 58%
Magic:  11/17      EV: 12    Int: 20    God:    Gozag
Gold:   358        SH:  6    Dex: 13    Spells: 15/19 levels left

rFire    . . .     SeeInvis .     - Unarmed
rCold    . . .     Gourm    .   l - +1 buckler
rNeg     . . .     Faith    .   a - +0 robe
rPois    .         Spirit   .   (no helmet)
rElec    .         Reflect  .   z - +0 cloak
rCorr    .         Harm     .   (no gloves)
MR       .....                  (no boots)
Stlth    ++........             (no amulet)
HPRegen  0.19/turn              g - ring of wizardry
MPRegen  0.15/turn              A - ring of flight

@: gold aura, frozen ramparts
A: talons 2, molten scales 2, demonic guardian 1
a: Potion Petition, Call Merchant, Bribe Branch, Renounce Religion, Evoke Flight


You were on level 6 of the Dungeon.
You worshipped Gozag.
Gozag was aware of your devotion.
You were not hungry.

You visited 2 branches of the dungeon, and saw 7 of its levels.
You also visited: Sewer.

You collected 460 gold pieces.
You spent 71 gold pieces at shops.
You paid 31 gold pieces to Gozag.

Inventory:

Armour
 a - a +0 robe (worn)
 l - a +1 buckler (worn)
 z - a +0 cloak (worn)
Jewellery
 g - a ring of wizardry (left hand)
 x - an uncursed ring of protection from magic
 A - a ring of flight (right hand)
 B - an uncursed ring of poison resistance {unknown}
Wands
 u - a wand of digging (8)
 y - a wand of random effects (15)
Scrolls
 b - 5 scrolls of remove curse
 d - a scroll of amnesia {unknown}
 e - 3 scrolls of fear
 i - 2 scrolls of teleportation
 k - a scroll of enchant weapon {unknown}
 m - 2 scrolls of random uselessness {unknown}
 n - 2 scrolls of fog
 o - 2 scrolls of magic mapping
 s - 8 scrolls of identify
 v - a scroll of enchant armour
 w - 2 scrolls of blinking {unknown}
Potions
 f - a potion of heal wounds
 h - 3 potions of curing {unknown}
 j - 3 potions of invisibility {unknown}
 p - a potion of brilliance {unknown}
 q - a potion of degeneration {unknown}
 r - 2 potions of stabbing {unknown}
 t - 2 potions of haste {unknown}
Comestibles
 c - 5 rations


   Skills:
 - Level 3.0 Fighting
 - Level 1.7 Dodging
 - Level 1.7 Stealth
 - Level 4.0 Shields
 + Level 4.4 Unarmed Combat
 + Level 6.4 Spellcasting
 - Level 5.0 Ice Magic


You had 15 spell levels left.
You knew the following spells:

 Your Spells              Type           Power        Failure   Level  Hunger
a - Freeze                Ice            ####         1%          1    None
b - Frozen Ramparts       Ice            ####..       1%          3    ##.....

Your spell library contained the following spells:

 Spells                   Type           Power        Failure   Level  Hunger
 Ozocubu's Armour         Chrm/Ice       ###.....     4%          3    ##.....
 Hailstorm                Conj/Ice       ###.....     14%         4    ####...
 Summon Ice Beast         Ice/Summ       ###.....     14%         4    ####...


Dungeon Overview and Level Annotations

Branches:
Dungeon (6/15)             Temple (1/1) D:4           Sewer (visited)

Altars:
Ashenzari
Cheibriados
Dithmenos
Elyvilon
Gozag
Hepliaklqana
Kikubaaqudgha
Okawaru
Qazlal
Sif Muna
Trog
Uskayaw
Vehumet
Wu Jian
Xom
Yredelemnul
Zin

Shops:
D:4 *

Annotations:
D:4 1 runed translucent door, sanka's ghost, amateur SpEn


Innate Abilities, Weirdness & Mutations

You have razor-sharp toenails.
You are mostly covered in molten scales. (AC +3)
A weak demonic guardian rushes to your aid.


Message History

Confirm with . or Enter, or press ? or * to list all spells.
The walls around you are covered in ice.
You carefully extract the barbed spikes from your body.
Your shadow imp disappears in a puff of smoke!
The crimson imp is frozen!
The wall freezes the crimson imp.
The crimson imp shouts, "Back with thee, thou gleeking elf-skinned fleecer!"
The wall freezes the manticore.
The manticore bites you!!
* * * LOW HITPOINT WARNING * * *
You block the manticore's attack. The manticore claws you.
* * * LOW HITPOINT WARNING * * *
Unknown command.
Unknown command.
You hit the manticore.
The manticore is severely wounded.
The wall freezes the crimson imp.
The wall freezes the manticore.
You block the manticore's attack.
The manticore claws you but does no damage.
The manticore claws you!
You die...
Your body crumbles into a pile of gold.

#### ... #..
#.. #.#..
#.#.# #.#.# .
#.#.# ..
#@#.# ..< #
#H#.# ..#.#.
#5#.#
......##$<.#
.......##$.#
......H....##
.......##...#
....... #...#
.....#. ....#


You could see a manticore and a crimson imp.

Vanquished Creatures
  2 big kobolds (Sewer)
  A bullfrog (D:5)
  4 scorpions
  4 wights (D:4)
  A crimson imp (D:5)
  A centaur zombie (D:5)
  A jelly (D:5)
  An orc wizard (D:4)
  3 orc priests
  2 bullfrog skeletons
  Ijyb (D:4)
  An iguana (D:5)
  2 worker ants
  A hound skeleton (D:4)
  5 gnolls
  12 adders
  2 river rats (Sewer)
  A shadow imp (D:3)
  3 oozes (Sewer)
  An adder zombie (D:5)
  An adder skeleton (D:4)
  6 worms
  2 dart slugs
  5 leopard geckos
  22 orcs
  6 bats
  3 giant cockroaches
  6 goblins
  7 hobgoblins
  17 kobolds
  A quokka (D:3)
  3 ball pythons
  7 frilled lizards
  A quokka skeleton (D:4)
  10 rats
146 creatures vanquished.

Vanquished Creatures (collateral kills)
  Sigmund (D:4)
  Eustachio (D:4)
  An ogre (D:4)
  A bullfrog (D:6)
  A howler monkey (D:4)
  A jelly (D:6)
  An orc wizard (D:3)
  2 gnolls (D:5)
  4 orcs
  A rat (Sewer)
14 creatures vanquished.

Vanquished Creatures (others)
  A bat (D:1)
1 creature vanquished.

Grand Total: 161 creatures vanquished

Notes
Turn   | Place    | Note
-------+----------+-------------------------------------------
     0 | D:1      | MisterFreud the Demonspawn Ice Elementalist began the quest
                  | for the Orb.
     0 | D:1      | Reached XP level 1. HP: 13/13 MP: 3/3
   259 | D:1      | Reached skill level 1 in Fighting
   568 | D:1      | Gained mutation: You are partially covered in molten
                  | scales. (AC +2) [demonic ancestry]
   568 | D:1      | Reached XP level 2. HP: 15/22 MP: 1/5
  1774 | D:2      | Reached XP level 3. HP: 12/28 MP: 3/6
  1779 | D:2      | Learned a level 3 spell: Frozen Ramparts
  2963 | D:2      | Gained mutation: A weak demonic guardian rushes to your
                  | aid. [demonic ancestry]
  2963 | D:2      | Reached XP level 4. HP: 26/35 MP: 3/7
  3723 | D:3      | Reached skill level 3 in Spellcasting
  3951 | D:3      | Gained mutation: You have sharp toenails. [demonic
                  | ancestry]
  3951 | D:3      | Reached XP level 5. HP: 39/41 MP: 5/9
  4627 | D:4      | Reached skill level 1 in Shields
  4627 | D:4      | Reached XP level 6. HP: 47/47 MP: 3/11
  4859 | D:4      | Noticed Ijyb
  4877 | D:4      | Killed Ijyb
  5038 | D:4      | Noticed Eustachio
  5060 | D:4      | Killed Eustachio
  5060 | D:4      | Reached skill level 4 in Spellcasting
  5060 | D:4      | Reached skill level 5 in Ice Magic
  5593 | D:4      | Gained mutation: You have razor-sharp toenails. [demonic
                  | ancestry]
  5593 | D:4      | Reached XP level 7. HP: 39/52 MP: 6/13
  6045 | D:4      | Found Qicwoy's General Store.
  6053 | D:4      | Bought a scroll of fear for 45 gold pieces
  6053 | D:4      | Bought a scroll of fog for 26 gold pieces
  6249 | D:4      | Noticed sanka's ghost (amateur SpEn)
  6266 | D:4      | Found a runed translucent door.
  6277 | D:4      | Reached skill level 1 in Unarmed Combat
  6277 | D:4      | Reached skill level 5 in Spellcasting
  6331 | D:4      | Noticed Sigmund
  6339 | D:4      | Killed Sigmund
  6471 | D:4      | Found a staircase to the Ecumenical Temple.
  6631 | Temple   | Entered the Ecumenical Temple
  6673 | Temple   | Became a worshipper of Gozag Ym Sagoz the Greedy
  6722 | D:5      | Entered Level 5 of the Dungeon
  6734 | D:5      | Found a white marble altar of Elyvilon.
  6775 | D:5      | Found a glowing drain.
  6792 | Sewer    | Entered a sewer
  7326 | Sewer    | Gained mutation: You are mostly covered in molten scales.
                  | (AC +3) [demonic ancestry]
  7326 | Sewer    | Reached XP level 8. HP: 58/58 MP: 12/15
  8251 | D:5      | Reached skill level 6 in Spellcasting
  8979 | D:6      | Noticed a manticore
  9003 | D:6      | Slain by a manticore

Illustrated notes

Levels and vault maps discovered:
D:1:      evilmike_arrival_home_sweet_home, layout_basic,
          serial_co_window_serial, co_window_corner_a, co_window_paths_b,
          co_window_paths_a, co_window_of_opportunity_a, co_window_corner_a,
          co_window_broadway_c, co_window_broadway_c, co_window_unsneaky_path_a,
          co_window_paths_c, co_window_paths_c, co_window_unsneaky_path_e,
          co_window_corner_b, glass_columns_a, glass_columns_a, glass_columns_a,
          st_stairs_3, feat_on_display
D:2:      layout_loops_ring
D:3:      layout_basic
D:4:      layout_basic, minmay_temple_entry_fiery, first_ration, serial_shops,
          shop, hellmonk_ghost_happy_afterlife, uniq_eustachio, uniq_sigmund,
          uniq_ijyb
D:5:      layout_gridville, portal_sewer_entry_d, basic_altar,
          nicolae_underground_beach
D:6:      layout_rooms, basic_altar
Temple:   regret_index_temple_sigil_plot

Skill      XL: |  1  2  3  4  5  6  7  8 |
---------------+-------------------------+-----
Fighting       | 1 2 3 |  3.0
Ice Magic      | 4 5 |  5.0
Spellcasting   | 3 4 5 6 |  6.4
Shields        | 1 2 4 |  4.0
Unarmed Combat | 2 4 |  4.4
Dodging        | |  1.7
Stealth        | |  1.7

Action                   |  1- 3 |  4- 6 |  7- 9 || total
-------------------------+-------+-------+-------++-------
Melee: Unarmed           |    43 |       |   160 ||   203
       Hand axe          |    18 |   119 |    25 ||   162
       Kick              |       |    10 |    45 ||    55
 Cast: Freeze            |    53 |     1 |     5 ||    59
       Frozen Ramparts   |     4 |    25 |    38 ||    67
  Use: Scroll            |       |       |     5 ||     5
       Potion            |       |       |     1 ||     1
 Stab: Sleeping          |     2 |     2 |       ||     4
       Distracted        |       |       |     1 ||     1
  Eat: Chunk             |     8 |     9 |     3 ||    20
       Ration            |       |       |     4 ||     4
Armor: Robe              |    20 |    43 |    44 ||   107
Dodge: Dodged            |    62 |   108 |    93 ||   263
Block: Buckler           |       |    11 |    39 ||    50
